 Dungeon Crawl Stone Soup version 0.24.0-123-gd5b16e6ec5 (webtiles) character file.

Game seed: 535516024418841957, levelgen mode: deterministic

190952 Peloso the Fencer (level 17, 0/243 HPs)
             Began as a Minotaur Fighter on Dec 25, 2019.
             Was the Champion of Okawaru.
             Slain by the 26-headed Lernaean hydra (5 damage)
             ... on level 4 of the Swamp.
             The game lasted 01:59:18 (39882 turns).

Peloso the Fencer (Minotaur Fighter)               Turns: 39882, Time: 01:59:18

Health: 0/243      AC: 22    Str: 32    XL:     17   Next: 99%
Magic:  3/9        EV: 26    Int:  5    God:    Okawaru [******]
Gold:   2560       SH: 20    Dex: 21    Spells: 16/16 levels left

rFire    + + +     SeeInvis .   a - +8 double sword of Udeoroma {venom, Fragile rF+++ Str+3}
rCold    + . .     Gourm    .   c - +0 shield {AC+3}
rNeg     . . .     Faith    .   w - +0 swamp dragon scales
rPois    +         Spirit   .   s - +1 hat {MR+}
rElec    .         Reflect  .   d - scarf {cloud immunity}
rCorr    .         Harm     .   N - +1 pair of gloves
MR       +++..                  g - +0 pair of boots
Stlth    ..........             (no amulet)
HPRegen  0.50/turn              R - ring of protection from magic
MPRegen  0.11/turn              A - ring of the Salamander {rF+ rC+ MP-9 EV+2 Dex+7 Stlth+}

@: berserking, heroism, hasted, very quick
A: retaliatory headbutt, horns 2
a: Heroism, Finesse, Renounce Religion


You were on level 4 of the Swamp.
You worshipped Okawaru.
Okawaru was exalted by your worship.
You were not hungry.

You visited 6 branches of the dungeon, and saw 31 of its levels.
You also visited: Bailey and Ice Cave.

You collected 3480 gold pieces.
You spent 920 gold pieces at shops.

Inventory:

Hand Weapons
 a - the +8 double sword of Udeoroma (weapon) {venom, Fragile rF+++ Str+3}
   (You acquired it on level 11 of the Dungeon)

   It poisons the flesh of those it strikes.
   It affects your strength (+3).
   It renders you almost immune to fire.
   It will be destroyed if unequipped.
 b - a +7 double sword of flaming
 r - the +1 long sword "Zoxed" {antimagic, rF+ Str+6}
   (Okawaru gifted it to you on level 1 of the Swamp)

   It reduces the magical energy of the wielder, and disrupts the spells and
   magical abilities of those hit.
   Natural abilities and divine invocations are not affected.
   It affects your strength (+6).
   It protects you from fire.
 I - the +8 falchion of Sunlight {vamp, rF+ Str+7 Dex+2}
   (Okawaru gifted it to you on level 6 of the Lair of Beasts)

   It inflicts no extra harm, but heals its wielder when it wounds a living foe.
   It affects your strength (+7).
   It affects your dexterity (+2).
   It protects you from fire.
Armour
 c - a +0 shield of protection (worn)
 d - a scarf of cloud immunity (worn)
 g - a +0 pair of boots (worn)
 s - a +1 hat of magic resistance (worn)
 w - +0 swamp dragon scales (worn)
 N - a +1 pair of gloves (worn)
 Q - the +3 scale mail "Cadas" {Str+2 Int+3}
   (You bought it in a shop on level 2 of the Orcish Mines)

   It affects your strength (+2).
   It affects your intelligence (+3).
Jewellery
 p - an uncursed ring of resist corrosion
 A - the ring of the Salamander (right hand) {rF+ rC+ MP-9 EV+2 Dex+7 Stlth+}
   (You bought it in a shop on level 1 of the Orcish Mines)

   [ring of evasion]

   It affects your evasion (+2).
   It affects your dexterity (+7).
   It protects you from fire.
   It protects you from cold.
   It affects your magic capacity (-9).
   It makes you more stealthy.
 R - a ring of protection from magic (left hand)
Wands
 i - a wand of acid (13)
Scrolls
 e - 15 scrolls of teleportation
 h - a scroll of silence
 k - 3 scrolls of blinking
 l - 12 scrolls of remove curse
 o - 6 scrolls of identify
 q - 12 scrolls of fog
 F - 2 scrolls of noise
 U - 2 scrolls of magic mapping
Potions
 m - 4 potions of mutation
 n - a potion of heal wounds
 t - 16 potions of curing
 u - 5 potions of agility
 B - 4 potions of resistance
 C - 2 potions of flight
 D - 4 potions of haste
 E - a potion of might
 H - 2 potions of berserk rage
Comestibles
 f - 42 rations
 j - a chunk of flesh


   Skills:
 + Level 17.6(22.6) Fighting
 + Level 19.7(24.7) Long Blades
 + Level 15.4(20.4) Armour
 + Level 9.1(14.1) Dodging
 + Level 3.7(8.7) Stealth
 + Level 19.7(24.7) Shields
 + Level 2.8 Invocations


You had 16 spell levels left.
You didn't know any spells.
Your spell library contained the following spells:

 Spells                   Type           Power        Failure   Level  Hunger
 Animate Skeleton         Necr           N/A          54%         1    ##.....
 Confusing Touch          Hex            #.....       54%         1    ##.....
 Corona                   Hex            #......      54%         1    ##.....
 Pain                     Necr           #...         54%         1    ##.....
 Shock                    Conj/Air       #...         54%         1    ##.....
 Sting                    Conj/Pois      #...         54%         1    ##.....
 Ensorcelled Hibernation  Hex/Ice        #.....       67%         2    ###....
 Poisonous Vapours        Pois/Air       #.....       67%         2    ###....
 Shroud of Golubria       Chrm/Tloc      #.....       67%         2    ###....
 Swiftness                Chrm/Air       #.......     67%         2    ###....
 Confuse                  Hex            #.......     88%         3    ####...
 Conjure Flame            Conj/Fire      #.......     88%         3    ####...
 Dazzling Spray           Conj/Hex       #.....       88%         3    ####...
 Gell's Gravitas          Tloc           #.........   88%         3    ####...
 Lesser Beckoning         Tloc           #.........   88%         3    ####...
 Mephitic Cloud           Conj/Pois/Air  #.......     88%         3    ####...
 Regeneration             Chrm/Necr      #.........   88%         3    ####...
 Static Discharge         Conj/Air       #.......     88%         3    ####...
 Teleport Other           Tloc           #.......     88%         3    ####...
 Tukima's Dance           Hex            #.......     88%         3    ####...
 Vampiric Draining        Necr           #.........   88%         3    ####...
 Airstrike                Air            #.........   99%         4    #####..
 Animate Dead             Necr           N/A          99%         4    #####..
 Cause Fear               Hex            #.........   99%         4    #####..
 Ice Form                 Ice/Tmut       #.......     99%         4    #####..
 Olgreb's Toxic Radiance  Pois           #.......     99%         4    #####..
 Passage of Golubria      Tloc           N/A          99%         4    #####..
 Petrify                  Tmut/Erth      #.......     99%         4    #####..
 Irradiate                Conj/Tmut      #.........   100%        5    ######.
 Lightning Bolt           Conj/Air       #.........   100%        5    ######.
 Metabolic Englaciation   Hex/Ice        #.........   100%        5    ######.
 Silence                  Hex/Air        #.........   100%        5    ######.
 Venom Bolt               Conj/Pois      #.........   100%        5    ######.
 Yara's Violent Unravell  Hex/Tmut       #.........   100%        5    ######.
 Bolt of Cold             Conj/Ice       #.........   100%        6    #######
 Deflect Missiles         Chrm/Air       #.........   100%        6    #######
 Freezing Cloud           Conj/Ice/Air   #.........   100%        6    #######
 Hydra Form               Tmut           #.........   100%        6    #######
 Ozocubu's Refrigeration  Ice            #.........   100%        6    #######
 Simulacrum               Ice/Necr       #.........   100%        6    #######
 Statue Form              Tmut/Erth      #........    100%        6    #######
 Dragon Form              Tmut           #.........   100%        7    #######
 Ring of Flames           Chrm/Fire      #.........   100%        7    #######
 Controlled Blink         Tloc           N/A          100%        8    #######
 Discord                  Hex            #.........   100%        8    #######


Dungeon Overview and Level Annotations

Branches:
Dungeon (15/15)            Temple (1/1) D:5            Lair (6/6) D:9
  Swamp (4/4) Lair:4       Spider (3/4) Lair:2        Slime (0/5) Lair:6
    Orc (2/2) D:11            Elf (0/3) Orc:2        Vaults (0/5) D:14
 Depths (0/5) D:15         Bailey (visited)           IceCv (visited)

Altars:
Cheibriados
Gozag
Hepliaklqana
Okawaru
Qazlal
Ru
Sif Muna
Trog
Xom
Yredelemnul
The Shining One
Beogh

Shops:
Orc:1 =   Orc:2 (*([*

Portals:
Trove: D:11 (give 6 potions of agility)

Annotations:
Swamp:4 Lernaean hydra


Innate Abilities, Weirdness & Mutations

You reflexively headbutt those who attack you in melee.
You have a pair of horns on your head.


Message History

You slice the 26-headed Lernaean hydra!!
The 26-headed Lernaean hydra looks as sick as possible!
The 26-headed Lernaean hydra is almost dead.
The 26-headed Lernaean hydra bites you.
* * * LOW HITPOINT WARNING * * *
The 26-headed Lernaean hydra bites you.
* * * LOW HITPOINT WARNING * * *
The 26-headed Lernaean hydra completely misses you.
You block the 26-headed Lernaean hydra's attack.
The 26-headed Lernaean hydra misses you.
The 26-headed Lernaean hydra bites you but does no damage. x2
You block the 26-headed Lernaean hydra's attack.
The 26-headed Lernaean hydra bites you but does no damage.
The 26-headed Lernaean hydra barely misses you.
The 26-headed Lernaean hydra completely misses you.
The 26-headed Lernaean hydra closely misses you. x2
The 26-headed Lernaean hydra bites you.
* * * LOW HITPOINT WARNING * * *
The 26-headed Lernaean hydra bites you.
You die...

..≈..(≈8.8..≈# .8.8.
.♣≈..P.P....≈# ......'
.♣..≈..≈#.≈≈⌠# ≈...≈≈#
§≈...§#.#.#######.#.....
≈.†#...≈#..≈⌠#⌠≈....≈..#
≈≈≈.....≈...≈#.≈..≈..≈..
.≈≈.P8.8.(.....≈.8≈8≈(.#
≈≈≈#..≈...8.§...8≈......
≈≈≈##.#'#..≈###.@D#'##
≈≈##.≈..'.8.≈#..(D'....#
≈≈......#≈≈..#..≈.#.....
≈≈#.≈...#.(....P(.# .φ..
≈≈#≈... #≈.P......# ..?
. #.#'#...#.# ?# ♣
≈≈.....≈≈≈ # ♣♣♣♣♣♣♣♣♣♣♣


You could see the 26-headed Lernaean hydra and a seven-headed hydra.

Vanquished Creatures
  Bai Suzhen (Swamp:3)
  Gastronok (Lair:3)
  The ghost of Detar the Severer, an adept HOFi of Beogh (Spider:2)
  The ghost of Almogavar the Warrior, an adept MiFi of Okawaru (Swamp:2)
  3 thorn hunters
  A frost giant (IceCv)
  2 orc warlords
  A ghost moth (Spider:2)
  Aizul (Spider:1)
  An emperor scorpion (Spider:1)
  Nessos (Lair:5)
  A stone giant (Orc:2)
  Azrael (D:14)
  Fannar (D:10)
  2 vault guards (D:14)
  The ghost of sneaky the Basher, a journeyman GrFi of Okawaru (D:11)
  17 hydras
  2 shambling mangroves (Swamp:2)
  A catoblepas (Lair:4)
  2 centaur warriors
  9 alligators
  A dancing weapon (D:11)
  2 two-headed ogres
  A tengu warrior (D:15)
  A death yak (IceCv)
  Urug (D:11)
  2 orc high priests (Orc:2)
  4 spriggan druids
  9 slime creatures
  3 unseen horrors
  11 swamp dragons
  5 orc knights
  6 wizards
  Pikel (D:8)
  2 necromancers
  10 orb spiders
  3 deep elf magi
  26 wolf spiders
  2 wolf spider zombies (D:15)
  2 orc sorcerers
  A moth of wrath (Spider:2)
  A manticore (D:15)
  9 elephants
  6 cyclopes
  Joseph (D:8)
  10 ugly things
  An ice statue (IceCv)
  4 centaur zombies
  3 black mambas
  2 redback zombies
  Psyche (D:11)
  3 kobold demonologists
  28 spiny frogs
  3 rime drakes
  12 komodo dragons
  11 demonic crawlers
  An efreet (D:15)
  2 tengu conjurers
  A harpy zombie (D:13)
  12 trolls
  6 meliai
  38 jumping spiders
  A queen bee (Spider:1)
  12 tyrant leeches
  13 hornets
  19 polar bears
  14 bog bodies
  22 blink frogs
  A meliai zombie (D:15)
  6 dream sheep (Lair:4)
  12 hippogriffs
  6 spriggans
  21 tarantellas
  6 wyverns
  A centaur simulacrum (D:15)
  2 vampires
  Eustachio (D:6)
  3 wraiths
  42 redbacks
  54 yaks
  6 shadows
  2 fire elementals (D:14)
  Grum (D:8)
  18 humans (D:14)
  A hungry ghost (D:5)
  34 vampire mosquitoes
  4 basilisks (Lair:2)
  18 swamp worms
  10 wargs
  Edmund (D:6)
  16 insubstantial wisps
  8 porcupines
  An acid dragon (D:14)
  4 hell hounds (D:14)
  7 water moccasins
  15 swamp drakes
  A slave (D:8)
  3 sky beasts
  An ice beast (D:10)
  38 orc warriors
  2 phantoms
  2 necrophages
  26 wolves
  9 ogres
  6 centaurs
  10 crocodiles
  2 big kobolds (D:12)
  Blork the orc (D:6)
  35 bullfrogs
  A hornet simulacrum (D:15)
  9 scorpions
  2 wyvern skeletons
  20 killer bees
  A water moccasin skeleton (D:12)
  14 wights
  5 electric eels
  3 howler monkeys
  11 crimson imps
  6 hounds
  24 orc priests
  6 jellies
  A gnoll shaman (D:9)
  4 bullfrog skeletons
  8 centaur skeletons
  13 worker ants
  Terence (D:3)
  5 iguanas
  17 orc wizards
  A hound zombie (D:11)
  2 hound skeletons
  A worker ant zombie (D:5)
  12 gnolls
  8 adders
  4 shadow imps
  An ooze (Lair:6)
  An adder zombie (D:6)
  4 worms
  4 dart slugs
  4 leopard geckos
  99 orcs
  3 ball pythons
  8 giant cockroaches
  31 goblins
  25 hobgoblins
  15 jackals
  15 kobolds
  4 quokkas
  9 bats
  8 frilled lizards
  A jackal zombie (D:9)
  7 rats
  3 briar patches
  A bush (D:1)
  A fungus (Lair:1)
  12 plants
1252 creatures vanquished.

Vanquished Creatures (others)
  A swamp dragon (Swamp:4)
  An orb spider (Spider:3)
  A jumping spider (Spider:2)
  A polar bear (IceCv)
  A blink frog (Swamp:2)
  A dream sheep (Lair:4)
  A vampire mosquito (Swamp:4)
  2 slaves (D:8)
  A centaur (D:8)
  2 wolves
  2 crimson imps (D:8)
  A jelly (D:8)
  An orc (D:9)
  A briar patch (Swamp:2)
  14 fungi
  89 plants
  6 toadstools (Swamp:3)
126 creatures vanquished.

Grand Total: 1378 creatures vanquished

Notes
Turn   | Place    | Note
-------+----------+-------------------------------------------
     0 | D:1      | Peloso the Minotaur Fighter began the quest for the Orb.
     0 | D:1      | Reached XP level 1. HP: 19/19 MP: 0/0
   358 | D:1      | Reached XP level 2. HP: 27/27 MP: 1/1
  1185 | D:2      | Noticed a crimson imp
  1196 | D:2      | Noticed an ogre
  1200 | D:2      | Reached XP level 3. HP: 20/33 MP: 2/2
  1202 | D:2      | Killed an ogre
  1202 | D:2      | Reached XP level 4. HP: 24/41 MP: 3/3
  1227 | D:2      | Reached XP level 5. HP: 31/47 MP: 4/4
  1295 | D:2      | Reached skill level 1 in Dodging
  1397 | D:2      | Found a snail-covered altar of Cheibriados.
  1664 | D:3      | Noticed Terence
  1676 | D:3      | Killed Terence
  1888 | D:3      | Reached skill level 5 in Armour
  2338 | D:4      | Reached XP level 6. HP: 45/55 MP: 5/5
  2419 | D:4      | Reached skill level 5 in Shields
  2802 | D:4      | Reached skill level 5 in Fighting
  2804 | D:4      | Found a hazy altar of Hepliaklqana.
  2810 | D:4      | Reached skill level 5 in Long Blades
  3236 | D:5      | Entered Level 5 of the Dungeon
  3258 | D:5      | Found a staircase to the Ecumenical Temple.
  3265 | D:5      | Reached XP level 7. HP: 38/61 MP: 6/6
  3275 | Temple   | Entered the Ecumenical Temple
  3294 | Temple   | Became a worshipper of Warmaster Okawaru
  4147 | D:5      | Reached * piety under Okawaru
  4504 | D:5      | Reached XP level 8. HP: 68/70 MP: 7/7
  5257 | D:6      | Reached ** piety under Okawaru
  5556 | D:6      | Noticed Edmund
  5569 | D:6      | Killed Edmund
  5711 | D:6      | Noticed Blork the orc
  5781 | D:6      | Found a shimmering blue altar of Sif Muna.
  5924 | D:6      | Noticed Eustachio
  5984 | D:5      | Reached XP level 9. HP: 69/78 MP: 8/8
  5989 | D:6      | Killed Eustachio
  6578 | D:7      | Reached *** piety under Okawaru
  6689 | D:8      | Found a stormy altar of Qazlal.
  6729 | D:8      | Noticed Pikel
  6745 | D:8      | Killed Pikel
  7260 | D:8      | Noticed Grum
  7270 | D:8      | Killed Grum
  7426 | D:8      | Reached XP level 10. HP: 88/88 MP: 9/9
  7537 | D:9      | Noticed Joseph
  7542 | D:9      | Reached skill level 1 in Invocations
  7566 | D:8      | Reached **** piety under Okawaru
  7566 | D:8      | Reached skill level 10 in Long Blades
  7716 | D:8      | Reached skill level 10 in Armour
  7910 | D:8      | Reached skill level 1 in Stealth
  8201 | D:8      | Killed Joseph
  8260 | D:9      | Reached skill level 10 in Shields
  8398 | D:9      | Found a hazy altar of Hepliaklqana.
  8783 | D:9      | Found a staircase to the Lair.
  8889 | D:9      | Found a bloodstained altar of Trog.
  8998 | D:10     | Entered Level 10 of the Dungeon
  9005 | D:10     | Reached ***** piety under Okawaru
  9177 | D:10     | Killed an unseen horror
  9177 | D:10     | Reached XP level 11. HP: 34/95 MP: 10/10
  9627 | D:10     | Noticed Fannar
  9646 | D:10     | Killed Fannar
  9785 | D:10     | Got a jewelled ring mail
  9798 | D:10     | Identified the cursed +1 ring mail "Gaissaac" {rN+} (You
                  | found it on level 10 of the Dungeon)
  9830 | D:10     | Noticed a wizard
  9841 | D:10     | Killed a wizard
  9998 | D:11     | Got an ichor-stained cloak
 10009 | D:11     | Identified the cursed -5 cloak of the Lich-sworn {-Tele
                  | MR++} (You found it on level 11 of the Dungeon)
 10038 | D:11     | Identified a scroll of acquirement
 10045 | D:11     | Got an iridescent double sword
 10046 | D:11     | Identified the +8 double sword of Udeoroma {venom, Fragile
                  | rF+++ Str+3} (You acquired it on level 11 of the Dungeon)
 10095 | D:11     | Found a flagged portal.
 10104 | Bailey   | Entered a bailey
 10313 | Bailey   | Noticed an orc knight
 10325 | Bailey   | Killed an orc knight
 10523 | Bailey   | Noticed an orc knight
 10523 | Bailey   | Noticed an orc warlord
 10538 | Bailey   | Killed an orc knight
 10538 | Bailey   | Received a gift from Okawaru
 10544 | Bailey   | Killed an orc warlord
 10595 | Bailey   | Got a transparent hunting sling
 11023 | D:11     | Found a portal to a secret trove of treasure.
 11125 | D:11     | Found a shimmering altar of Xom.
 11125 | D:11     | Noticed a +2 long sword of chaos
 11125 | D:11     | Noticed sneaky's ghost (journeyman GrFi)
 11127 | D:11     | Found a runed translucent door.
 11165 | D:11     | Found a staircase to the Orcish Mines.
 11561 | D:11     | Noticed Psyche
 11569 | D:11     | Killed Psyche
 11569 | D:11     | Reached XP level 12. HP: 106/106 MP: 12/12
 11689 | D:12     | Received a gift from Okawaru
 11725 | D:12     | Reached ****** piety under Okawaru
 11725 | D:12     | Noticed an eight-headed hydra
 11772 | D:12     | Killed a 13-headed hydra
 11772 | D:12     | Reached skill level 10 in Fighting
 12480 | Lair:1   | Entered Level 1 of the Lair of Beasts
 12630 | Lair:1   | Got a bronze ring mail
 12641 | Lair:1   | Identified the +2 ring mail of the Armadillo {Regen+ MP+9
                  | Int+4} (You found it on level 1 of the Lair of Beasts)
 13162 | Lair:1   | Identified the +8 hunting sling of the King {velocity,
                  | *Contam rElec Dex+4} (You found it in a bailey)
 13277 | Lair:2   | Found a hole to the Spider Nest.
 13354 | Lair:2   | Received a gift from Okawaru
 14307 | Lair:3   | Noticed Gastronok
 14318 | Lair:3   | Killed Gastronok
 14318 | Lair:3   | Reached skill level 15 in Long Blades
 14318 | Lair:3   | Reached XP level 13. HP: 75/115 MP: 11/13
 15696 | Lair:4   | Received a gift from Okawaru
 16190 | Lair:4   | Found a staircase to the Swamp.
 17284 | D:14     | Noticed Azrael
 17298 | D:14     | Killed Azrael
 17298 | D:14     | Received a gift from Okawaru
 17417 | D:14     | Reached XP level 14. HP: 35/127 MP: 11/14
 17430 | D:14     | Found a frozen archway.
 17477 | IceCv    | Entered an ice cave
 17745 | IceCv    | Received a gift from Okawaru
 18386 | IceCv    | Reached skill level 15 in Shields
 18558 | IceCv    | Noticed a frost giant
 18587 | IceCv    | Killed a frost giant
 18901 | IceCv    | Got a brightly glowing halberd
 18902 | IceCv    | Identified the cursed +3 halberd of Ugexothoat {venom,
                  | Str+4} (You found it in an ice cave)
 19582 | D:14     | Found a gate to the Vaults.
 19686 | D:14     | Received a gift from Okawaru
 20538 | Orc:1    | Entered Level 1 of the Orcish Mines
 20538 | Orc:1    | Noticed Urug
 20670 | D:11     | Killed Urug
 20750 | Orc:1    | Found Ofaluneq's Jewellery Emporium.
 20760 | Orc:1    | Bought the ring of the Salamander {rF+ rC+ MP-9 EV+2 Dex+7
                  | Stlth+} for 296 gold pieces
 20760 | Orc:1    | Bought a cursed amulet of inaccuracy for 20 gold pieces
 20848 | Orc:2    | Entered Level 2 of the Orcish Mines
 21152 | Orc:2    | Noticed an orc warlord
 21198 | Orc:2    | Killed an orc warlord
 21213 | Orc:2    | Reached XP level 15. HP: 61/137 MP: 3/15
 21505 | Orc:2    | Found Voleosud's Antique Weapon Emporium.
 21511 | Orc:2    | Found a roughly hewn altar of Beogh.
 21514 | Orc:2    | Found Leorei's Antique Armour Shoppe.
 21533 | Orc:2    | Bought a warped scale mail for 252 gold pieces
 21545 | Orc:2    | Identified the +3 scale mail "Cadas" {Str+2 Int+3} (You
                  | bought it in a shop on level 2 of the Orcish Mines)
 21585 | Orc:2    | Found Xenilat's Antique Weapon Shop.
 21638 | Orc:2    | Found a roughly hewn altar of Beogh.
 21654 | Orc:2    | Found a staircase to the Elven Halls.
 21671 | Orc:2    | Received a gift from Okawaru
 21702 | Orc:2    | Found a roughly hewn altar of Beogh.
 21838 | Orc:2    | Found a roughly hewn altar of Beogh.
 21846 | Orc:2    | Found Itesalul's Assorted Antiques.
 21866 | Orc:2    | Bought a scroll of enchant weapon for 247 gold pieces
 22024 | Orc:2    | Found a roughly hewn altar of Beogh.
 22032 | Orc:2    | Found Siget's Assorted Antiques.
 22043 | Orc:2    | Bought a scroll of magic mapping for 105 gold pieces
 22549 | Lair:5   | Got a coiled brass ring
 22551 | Lair:5   | Identified the cursed ring "Ceuvuybo" {*Slow rF+++ rN+++
                  | AC-6 Str-5} (You found it on level 5 of the Lair of Beasts)
 22708 | Lair:5   | Noticed Nessos
 22729 | Lair:5   | Killed Nessos
 22988 | Lair:6   | Entered Level 6 of the Lair of Beasts
 24117 | Lair:6   | Found a staircase to the Slime Pits.
 24455 | Lair:6   | Got a warped great sword
 24463 | Lair:6   | Identified the +9 great sword "Mauproiw" {pain, SInv} (You
                  | found it on level 6 of the Lair of Beasts)
 24480 | Lair:6   | Received a gift from Okawaru
 24483 | Lair:6   | Got a crude falchion {god gift}
 24484 | Lair:6   | Identified the +8 falchion of Sunlight {vamp, rF+ Str+7
                  | Dex+2} (Okawaru gifted it to you on level 6 of the Lair of
                  | Beasts)
 25204 | D:15     | Entered Level 15 of the Dungeon
 25351 | D:15     | Reached skill level 15 in Fighting
 25655 | D:15     | Found an iron altar of Okawaru.
 26031 | D:15     | Found a staircase to the Depths.
 26079 | D:15     | Reached skill level 5 in Dodging
 26079 | D:15     | Reached XP level 16. HP: 139/149 MP: 7/16
 26258 | D:11     | Killed sneaky's ghost
 27627 | Spider:1 | Entered Level 1 of the Spider Nest
 28257 | Spider:1 | Noticed Aizul
 28278 | Spider:1 | Killed Aizul
 28278 | Spider:1 | Received a gift from Okawaru
 30154 | D:6      | Killed Blork the orc
 30575 | D:14     | Got a warped fustibalus {god gift}
 30576 | D:14     | Identified the +1 fustibalus "Zarriat" {venom, rElec}
                  | (Okawaru gifted it to you on level 14 of the Dungeon)
 30941 | Swamp:1  | Entered Level 1 of the Swamp
 30959 | Swamp:1  | Received a gift from Okawaru
 30969 | Swamp:1  | Got a faintly glowing long sword {god gift}
 30976 | Swamp:1  | Identified the +1 long sword "Zoxed" {antimagic, rF+ Str+6}
                  | (Okawaru gifted it to you on level 1 of the Swamp)
 31949 | Swamp:2  | HP: 7/151 [shambling mangrove (8)]
 32336 | Swamp:2  | Reached skill level 15 in Armour
 32343 | Swamp:2  | Noticed a thorn hunter
 32354 | Swamp:2  | Killed a thorn hunter
 33800 | Swamp:2  | Found a runed translucent door.
 33808 | Swamp:2  | Noticed Almogavar's ghost (adept MiFi)
 33811 | Swamp:2  | Identified the +4 spear of Division {flame, *Noise rF+
                  | Int+2}
 33906 | Swamp:2  | Killed Almogavar's ghost
 33924 | Swamp:2  | Received a gift from Okawaru
 33954 | Swamp:2  | Identified the Disquisition on the Compass
 34641 | Spider:2 | Reached XP level 17. HP: 159/159 MP: 9/18
 35397 | Spider:2 | Found a runed translucent door.
 35398 | Spider:2 | Noticed Detar's ghost (adept HOFi)
 35627 | Spider:2 | Killed Detar's ghost
 37114 | Swamp:3  | Noticed Bai Suzhen
 37134 | Swamp:3  | Killed Bai Suzhen
 37134 | Swamp:3  | Received a gift from Okawaru
 37242 | Swamp:4  | Entered Level 4 of the Swamp
 39869 | Swamp:4  | Noticed the 27-headed Lernaean hydra
 39882 | Swamp:4  | HP: 10/243 [the 26-headed Lernaean hydra (5)]
 39882 | Swamp:4  | Slain by the 26-headed Lernaean hydra

Levels and vault maps discovered:
D:1:      ebering_hopf_link, layout_loops_ring, serial_forest,
          infiniplex_forest_end_3, infiniplex_forest_clump_curved,
          infiniplex_forest_zigzag_1, infiniplex_forest_clump_tiny,
          infiniplex_forest_lined_4_way, infiniplex_forest_side_room,
          infiniplex_forest_lined_2, infiniplex_forest_lined_corner
D:2:      layout_basic, kennysheep_slug_shrine, first_ration
D:3:      layout_loops_ring, uniq_terence
D:4:      layout_layer_cave, lemuel_tele_altar
D:5:      layout_loops_ring, temple_pool_b, guppyfry_early_orc_mine
D:6:      layout_gridville, tgw_sif, uniq_eustachio, uniq_edmund
D:7:      layout_cave_pools, the_bakery
D:8:      layout_loops_cross, nicolae_qazlal_style_of_elements, uniq_grum,
          uniq_pikel
D:9:      layout_cave_pools, lemuel_crystal_altar, lair_entry_dummy,
          trog_hazing_becter, uniq_joseph
D:10:     layout_rooms, lightli_wizard_tower, uniq_fannar
D:11:     layout_cave_pods, orc_0_dummy, nicolae_trove_entry_free_sample,
          enter_bailey_3, ebering_ghost_xom, uniq_psyche
D:12:     layout_basic
D:13:     layout_small_grid, kennysheep_generic_room_8
D:14:     layout_loops_cross, grunt_vaults_entry_tiered,
          portal_ice_cave_entry_pillars_2, dk_noncrumbling_4, uniq_azrael
D:15:     grunt_enter_depths_magical_seal, layout_basic, basic_altar,
          nicolae_benzene_ring
Temple:   regret_index_temple_chain_breaker
Lair:1:   layout_misc_corridors, grunt_megastairs_2, lemuel_fruit_fields,
          serial_bayou_shore_b
Lair:2:   layout_cave_pods, nicolae_spider_entry_non_spiders,
          beast_lair_carwin_5
Lair:3:   layout_cave_pods, uniq_gastronok
Lair:4:   layout_cave_shapes, nicolae_swamp_entry_splash_gauntlet,
          lemuel_old_faithful
Lair:5:   layout_cave_shapes, uniq_nessos
Lair:6:   minmay_lair_end_frog_pond, layout_regular_city,
          nicolae_slime_entry_slimehenge
Swamp:1:  layout_basic_swamp, nicolae_swamp_trees_clearing, swamp_pool3,
          infiniplex_staircase_pool
Swamp:2:  layout_basic_swamp, ebering_ghost_funeral_grove, serial_swamp_ruin,
          evilmike_swamp_ruin_house_5, evilmike_swamp_ruin_rubble_1,
          evilmike_swamp_ruin_house_1, swamp_pool1, infiniplex_staircase_pool_2
Swamp:3:  cheibrodos_swamp_tower_of_moss, layout_falls_marsh,
          nicolae_swamp_little_tower, uniq_bai_suzhen
Swamp:4:  grunt_swamp_rune_castle, layout_basic_swamp, swamp_pool1
Spider:1: layout_spider_delve, drop_trap, nicolae_looking_at_the_future,
          uniq_aizul
Spider:2: layout_spider_delve, gammafunk_ghost_grave
Spider:3: layout_spider_delve
Orc:1:    layout_diamond_mine, serial_shops,
          nicolae_shop_competitors_out_of_business, uniq_urug
Orc:2:    grunt_orc_community_town_hall, layout_diamond_mine,
          grunt_orc_community_big_house_2, grunt_orc_community_big_house_2,
          grunt_orc_community_house_2, grunt_orc_community_house_3,
          grunt_orc_community_house_3, grunt_orc_community_house_1,
          serial_shops, shop, basic_altar

Skill      XL: |  1  2  3  4  5  6  7  8  9 10 11 12 13 14 15 16 17 |
---------------+----------------------------------------------------+-----
Fighting       | 4 5 6 7 8 9 10 12 13 15 16 17 | 17.6
Armour         | 4 5 6 7 9 11 12 13 14 15 | 15.4
Long Blades    | 3 4 5 6 8 9 11 13 15 16 17 18 19 | 19.7
Shields        | 4 5 6 7 8 10 12 13 14 16 17 18 19 | 19.7
Dodging        | 1 2 3 5 7 9 |  9.1
Invocations    | 1 2 |  2.8
Stealth        | 1 2 3 |  3.7

Action                   |  1- 3 |  4- 6 |  7- 9 | 10-12 | 13-15 | 16-18 || total
-------------------------+-------+-------+-------+-------+-------+-------++-------
Melee: Long sword        |    92 |   162 |   356 |   186 |       |       ||   796
       Headbutt          |    25 |    30 |    75 |   202 |   375 |   353 ||  1060
       Falchion          |       |       |       |   230 |       |       ||   230
       Double sword      |       |       |       |   377 |  1169 |   952 ||  2498
Invok: Heroism           |       |       |     4 |    10 |     5 |     5 ||    24
       Finesse           |       |       |       |     3 |       |     2 ||     5
Evoke: Wand              |       |       |       |     1 |       |       ||     1
  Use: Potion            |     7 |       |     1 |     4 |     2 |    10 ||    24
       Scroll            |       |     2 |       |    26 |    13 |     8 ||    49
 Stab: Paralysed         |       |       |       |     1 |       |       ||     1
       Sleeping          |       |       |       |       |     3 |     3 ||     6
       Distracted        |       |       |       |       |     1 |       ||     1
       Confused          |       |       |       |       |       |     1 ||     1
  Eat: Chunk             |       |     7 |    11 |    23 |    35 |    18 ||    94
       Ration            |       |       |     2 |       |     1 |     8 ||    11
Armor: Scale mail        |    36 |    77 |    35 |       |   133 |   117 ||   398
       Chain mail        |       |       |    31 |       |       |       ||    31
       Plate armour      |       |       |   115 |   431 |   281 |       ||   827
       Swamp dragon scal |       |       |       |       |       |   238 ||   238
Dodge: Dodged            |    20 |    46 |    84 |   216 |   380 |   666 ||  1412
Block: Shield            |    33 |    96 |   205 |   582 |   829 |   869 ||  2614
       Rpst.: Long sword |     5 |    11 |    20 |    12 |       |       ||    48
       Falchion          |       |       |       |    12 |       |       ||    12
       Double sword      |       |       |       |    29 |    87 |   116 ||   232
